 Dungeon Crawl Stone Soup version 0.18-a0-1171-ga8e22e7 (webtiles) character file.

144 4thArraOfDagon the Poker (level 5, -5/63 HPs)
             Began as a Merfolk Berserker on Jan 26, 2016.
             Was a Follower of Trog.
             Slain by a troll (9 damage)
             ... on level 10 of the Dungeon.
             The game lasted 00:03:38 (717 turns).

4thArraOfDagon the Poker (Merfolk Berserker)         Turns: 717, Time: 00:03:38

Health: -5/63      AC:  5    Str: 23    XL:     5   Next: 26%
Magic:  5/5        EV: 12    Int:  6    God:    Trog [*.....]
Gold:   78         SH:  0    Dex: 14    Spells: 0 memorised, 4 levels left

rFire  . . .     SeeInvis .     a - +0 spear
rCold  . . .     Gourm    .     f - +0 ring mail
rNeg   . . .     Faith    .     (no shield)
rPois  .         Spirit   .     (no helmet)
rElec  .         Dismiss  .     (no cloak)
rCorr  .         Reflect  .     (no gloves)
SustAt .         Harm     .     (no boots)
MR     .....                    (no amulet)
Stlth  ..........               (no ring)
                                (no ring)

@: berserking (expiring), very quick, not resistant to hostile enchantments,
extremely unstealthy
A: change form in water, swift swim
a: Berserk, Burn Spellbooks, Renounce Religion


You were on level 10 of the Dungeon.
You worshipped Trog.
Trog was aware of your devotion.
You were not hungry.

You visited 1 branch of the dungeon, and saw 10 of its levels.

You collected 78 gold pieces.

Inventory:

Hand Weapons
 a - a +0 spear (weapon)
Armour
 f - a +0 ring mail (worn)
Scrolls
 b - a scroll of fear {unknown}
 j - a scroll of identify {unknown}
 l - a scroll of recharging {unknown}
 m - a scroll of remove curse {unknown}
Potions
 e - a potion of poison {unknown}
 h - 3 potions of curing
 o - a potion of flight {unknown}
Books
 n - a book of Hinderance

   Spells                             Type                      Level
   a - Confusing Touch                Hexes                        2
   b - Confuse                        Hexes                        3
   c - Gell's Gravitas                Hexes/Translocation          3
   d - Petrify                        Transmutation/Earth          4
   e - Metabolic Englaciation         Hexes/Ice                    5
   f - Yara's Violent Unravelling     Hexes/Transmutation          5
   Trog disapproves of the use of such an item.
Comestibles
 c - 3 bread rations
 d - a beef jerky
 g - 3 meat rations
 i - 4 chunks of flesh
 k - a slice of pizza


   Skills:
 + Level 4.1 Fighting
 * Level 6.3 Polearms
 + Level 2.2 Armour
 + Level 3.6 Dodging


You had 4 spell levels left.
You didn't know any spells.

Dungeon Overview and Level Annotations

Branches:
Dungeon (10/15)
 Temple: D:4-7         Lair: D:8-11         Orc: D:9-12

Altars:


Message History

The troll claws you but does no damage.
You completely miss the troll.
The troll is moderately wounded.
Unknown command.
Unknown command.
You feel a strong urge to attack something.
Unknown command.
Unknown command.
Attack whom?
Press: ? - help, Dir - move target cursor, f - troll
Aim: a troll (lightly wounded)
You reach to attack!
You closely miss the troll.
The troll is lightly wounded.
You puncture the troll!
The troll is moderately wounded.
Unknown command.
You puncture the troll!
The troll is heavily wounded.
The troll misses you. The troll claws you!
You die...

## #.# .# ####'## .#
#.....# ##+###### .#
#####.# #.......# .#
.+...#.# #.......# .#
#.. #.#.# #.......# # .#
.. #...# #.......#.#
)#.#
#.###รท#######.^.....#.#
)..#
#.....#..@T.'.......'.#
.###
#####.'.#####.......# ##
#.....### #.......#
###+### #.......#
####+####


You could see a troll.

Vanquished Creatures
  2 hounds (D:10)
  2 orc wizards (D:10)
  An ooze (D:1)
  A giant gecko (D:2)
  11 orcs
  A bat (D:3)
  A goblin (D:1)
  2 kobolds (D:1)
21 creatures vanquished.

Notes
Turn   | Place    | Note
--------------------------------------------------------------
     0 | D:1      | 4thArraOfDagon the Merfolk Berserker began the quest for the Orb.
     0 | D:1      | Reached XP level 1. HP: 18/18 MP: 1/1
   122 | D:1      | Reached XP level 2. HP: 21/24 MP: 2/2
   255 | D:3      | You fall through a shaft for 2 floors!
   255 | D:5      | Entered Level 5 of the Dungeon
   312 | D:5      | You fall through a shaft!
   347 | D:7      | Reached skill level 5 in Polearms
   437 | D:7      | Noticed a scorpion
   472 | D:10     | Entered Level 10 of the Dungeon
   486 | D:10     | Reached XP level 3. HP: 13/30 MP: 3/3
   488 | D:10     | Reached XP level 4. HP: 17/37 MP: 4/4
   567 | D:9      | Reached ** piety under Trog
   649 | D:10     | Reached skill level 6 in Polearms
   649 | D:10     | Reached XP level 5. HP: 42/42 MP: 5/5
   697 | D:10     | Noticed a troll
   710 | D:10     | HP: 3/63 [troll (8)]
   717 | D:10     | Slain by a troll

Vault maps used:
D:1:      minmay_arrival_four_loops
D:2:      minmay_misc_feat_four_crosses, minmay_misc_feat_roman
D:3:      lemuel_crystal_altar, first_bread, ecumenical_altar_2,
          minmay_rats_cheesy_pizza, uniq_iyjb, uniq_terence
D:4:      grunt_qazlal_sundering, minmay_temple_entry_from_below_a,
          minmay_distorted
D:5:      kennysheep_ying_yang, lemuel_crystal_altar,
          grunt_temple_overflow_open, led_sif_pool
D:6:      basic_altar
D:8:      grunt_lair_entry_orc_guard_hut, grunt_ministairs_2
D:9:      statuecave_lemuel, uniq_erica
D:10:     serial_shops, nicolae_shop_window_shopping, uniq_grum

Action                   |  1- 3 |  4- 6 || total
-------------------------+-------+-------++-------
Melee: Spear             |    43 |    42 ||    85
Invok: Berserk           |     2 |     3 ||     5
  Use: Potion            |     1 |       ||     1
  Eat: Chunk             |       |     4 ||     4
